 Dungeon Crawl Stone Soup version 0.29.0 (webtiles) character file.

Game seed: 2583862062767518634

31 gelatine the Stinger (level 3, -1/24 HPs)
             Began as a Demonspawn Venom Mage on Aug 24, 2022.
             Was a Follower of Fedhas.
             Slain by Robin
             ... wielding a +1 mace of holy wrath
              (10 damage)
             ... on level 2 of the Dungeon.
             The game lasted 00:03:12 (1713 turns).

gelatine the Stinger (Demonspawn Venom Mage)        Turns: 1713, Time: 00:03:13

Health: -1/24      AC:  2    Str:  8    XL:     3   Next: 7%
Magic:  2/6        EV: 12    Int: 18    God:    Fedhas [*.....]
Gold:   73         SH:  0    Dex: 13    Spells: 5/6 levels left

rFire   . . .      SeeInvis .   e - +2 spear (pain)
rCold   . . .      Faith    .   (no shield)
rNeg    . . .      Spirit   .   a - +0 robe
rPois   .          Reflect  .   (no helmet)
rElec   .          Harm     .   (no cloak)
rCorr   .          Rampage  .   (no gloves)
Will    .....                   (no boots)
Stlth   ++........              (no amulet)
HPRegen 0.08/turn               (no ring)
MPRegen 0.10/turn               (no ring)

@: studying Axes
A: foul stench 2
a: Renounce Religion


You were on level 2 of the Dungeon.
You worshipped Fedhas.
Fedhas was aware of your devotion.
You visited 1 branch of the dungeon, and saw 2 of its levels.

You collected 73 gold pieces.

Inventory:

Hand Weapons
 c - a +0 club
 d - a +0 dagger
 e - a +2 spear of pain (weapon)
Missiles
 g - 6 atropa-tipped darts
Armour
 a - a +0 robe (worn)
Magical Staves
 j - a staff of earth
Scrolls
 h - 2 scrolls of butterflies {unknown}
 i - a scroll of identify {unknown}
Potions
 b - a potion of magic


   Skills:
 + Level 0.2 Polearms
 + Level 2.0 Dodging
 + Level 1.9 Stealth
 + Level 2.0 Spellcasting
 * Level 1.1 Necromancy
 + Level 1.1 Transmutations
 + Level 3.6 Poison Magic


You had 5 spell levels left.
You knew the following spells:

 Your Spells              Type           Power      Damage    Failure   Level
a - Sting                 Tmut/Pois      40%        1d5       7%          1

Your spell library contained the following spells:

 Spells                   Type           Power      Damage    Failure   Level
 Poisonous Vapours        Pois/Air       16%        N/A       13%         2
 Mephitic Cloud           Conj/Pois/Air  6%         N/A       32%         3
 Olgreb's Toxic Radiance  Pois           14%        N/A       38%         4


Dungeon Overview and Level Annotations

Branches:
Dungeon (2/15)

Altars:
Fedhas

Annotations:
D:2 Robin


Innate Abilities, Weirdness & Mutations

You sometimes emit foul miasma when damaged in melee.


Message History

The goblin drinks a potion.
The goblin seems to grow stronger.
You see here a +0 club.
Robin throws the goblin at you! The goblin barely misses you.
You hit Robin.
Robin is lightly wounded.
Robin hits you with a +1 mace of holy wrath.
You convulse.
* * * LOW HITPOINT WARNING * * *
The goblin closely misses you.
You hit the goblin but do no damage.
The goblin writhes in agony.
The goblin is moderately wounded.
Robin misses you. The goblin hits you but does no damage.
You closely miss the goblin.
The goblin is moderately wounded.
Robin barely misses you. The goblin hits you with a +0 club.
* * * LOW HITPOINT WARNING * * *
You emit a cloud of foul miasma!
Robin barely misses you.
The goblin is engulfed in dark miasma.
The goblin is poisoned.
The goblin seems to slow down.
You kill the goblin!
Fedhas appreciates your contribution to the ecosystem.
You hit Robin but do no damage.
Robin is lightly wounded.
Robin barely misses you.
You hit Robin.
Robin is moderately wounded.
Robin hits you with a +1 mace of holy wrath.
* * * LOW HITPOINT WARNING * * *
You convulse.
* * * LOW HITPOINT WARNING * * *
It was a potion of heal wounds.
You feel much better.
Robin hits you with a +1 mace of holy wrath.
You convulse.
Things that are here:
a +0 club; a +0 club Robin attacks as you move away!
Robin hits you with a +1 mace of holy wrath!
You convulse!
You die...
Fedhas appreciates your contribution to the ecosystem.

.....##
....... ###
....... #<#
....... #.#
.......
#@###g......
#
#g##wJg.g.g.
#.#†##)#
#..w...#
###.#†.#
...#..#
###.#..#
#.#..#
#.#..#


You could see a worm and Robin.

Vanquished Creatures
  5 bats (D:1)
  An endoplasm (D:2)
  A giant cockroach (D:1)
  6 goblins
  3 hobgoblins
  4 quokkas (D:1)
  2 ball pythons
  3 frilled lizards
  A kobold (D:1)
  2 rats (D:1)
28 creatures vanquished.

Notes
Turn   | Place    | Note
-------+----------+-------------------------------------------
     0 | D:1      | gelatine the Demonspawn Venom Mage began the quest for the
                  | Orb.
     0 | D:1      | Reached XP level 1. HP: 13/13 MP: 3/3
   466 | D:1      | Gained mutation: You may rarely emit foul miasma when
                  | damaged in melee. [demonic ancestry]
   466 | D:1      | Reached XP level 2. HP: 19/19 MP: 5/5
   467 | D:1      | Found a faded altar of an unknown god.
   508 | D:1      | Prayed at the altar of an unknown god.
   508 | D:1      | Became a worshipper of Fedhas Madash
   508 | D:1      | Reached * piety under Fedhas
  1094 | D:1      | Reached skill level 1 in Transmutations
  1692 | D:2      | Noticed Robin
  1701 | D:2      | Gained mutation: You sometimes emit foul miasma when
                  | damaged in melee. [demonic ancestry]
  1701 | D:2      | Reached XP level 3. HP: 18/24 MP: 1/6
  1702 | D:2      | Reached skill level 1 in Necromancy
  1710 | D:2      | HP: 1/24 [Robin/+1 mace of holy wrath (1)]
  1713 | D:2      | Slain by Robin

Illustrated notes

Levels and vault maps discovered:
D:1:      psy_arrival_heroes, layout_loops_corners,
          dreamdust_ecumenical_altar_angels_and_demons,
          chequers_serial_rivers_micro_a
D:2:      layout_basic, uniq_robin, uniq_sigmund

Skill      XL: |  1  2  3 |
---------------+----------+-----
Transmutations | 1 |  1.1
Dodging        | 2 |  2.0
Necromancy     | 1 |  1.1
Polearms       | |  0.2
Stealth        | |  1.9
Spellcasting   | |  2.0
Poison Magic   | |  3.6

Action                   || total
-------------------------++-------
Melee: Spear             ||    61
       Club              ||     2
 Cast: Sting             ||    19
  Use: Potion            ||     1
 Stab: Sleeping          ||     1
Armor: Robe              ||    14
Dodge: Dodged            ||    62
